 Dungeon Crawl Stone Soup version 0.14-b1-61-g429ec3a (webtiles) character file.

283 Lianjan the Grave Robber (level 5, -3/28 HPs)
             Began as a Deep Elf Necromancer on June 11, 2015.
             Slain by pastorvmm's ghost (5 damage)
             ... on Level 4 of the Dungeon.
             The game lasted 00:29:21 (3344 turns).

Lianjan the Grave Robber (Deep Elf Necromancer)     Turns: 3344, Time: 00:29:23

HP  -3/28        AC  2     Str  5      XL: 5   Next: 20%
MP  14/19        EV 12     Int 14      God:
Gold 120         SH  0     Dex 10      Spells:  5 memorised,  2 levels left

rFire  . . .     SeeInvis .     s - +1 short sword
rCold  . . .     Clarity  .     m - +0 robe
rNeg   . . .     Conserve .     (no shield)
rPois  .         rCorr    .     (no helmet)
rElec  .                        rSlow .
                                u - -1 cloak (curse)
SustAb . .       Spirit   .     (no gloves)
rMut   .         Warding  .     (no boots)
Saprov . . .     Stasis   .     (no amulet)
MR     .....                    (no ring)
                                (no ring)

@: not resistant to hostile enchantments, fairly stealthy
A: no striking features
a: no special abilities


You were on level 4 of the Dungeon.
You were not hungry.

You visited 1 branch of the dungeon, and saw 4 of its levels.

You collected 120 gold pieces.

Inventory:

Hand weapons
 s - a +1,+1 short sword (weapon)
Armour
 m - a +0 robe (worn)
 u - a cursed -1 cloak (worn)
Magical devices
 j - a wand of flame (6)
Comestibles
 c - a bread ration
Scrolls
 e - 3 scrolls of blinking
 f - a scroll of enchant weapon II
Potions
 a - 2 potions of magic {unknown}
 d - a potion of lignification
 h - 2 potions of mutation
 l - a potion of heal wounds
 p - a potion of resistance {unknown}
 q - 2 potions of curing {unknown}
 v - 2 potions of haste {unknown}
Books
 b - a book of Necromancy

   Spells                             Type                      Level
   *Pain                              Necromancy                   1
   *Animate Skeleton                  Necromancy                   1
   Lethal Infusion                    Charms/Necromancy            2
   *Vampiric Draining                 Necromancy                   3
   *Regeneration                      Charms/Necromancy            3
   *Animate Dead                      Necromancy                   4
   Control Undead                     Necromancy                   4


   Skills:
 - Level 2.4 Dodging
 - Level 2.4 Stealth
 - Level 5.1 Spellcasting
 + Level 6.8 Necromancy


You had 2 spell levels left.
You knew the following spells:

 Your Spells              Type           Power        Failure   Level  Hunger
a - Pain                  Necr           ###.         1%          1    None
b - Animate Skeleton      Necr           N/A          1%          1    None
c - Vampiric Draining     Necr           ###.......   3%          3    ###....
d - Regeneration          Chrm/Necr      ##........   14%         3    ###....
e - Animate Dead          Necr           N/A          12%         4    ####...


Dungeon Overview and Level Annotations

Branches:
Dungeon (4/15)
 Temple: D:4-7

Altars:
Ashenzari
Makhleb
Okawaru
Xom
Yredelemnul

Annotations:
D:4 pastorvmm's ghost, average GEAs


Message History

You finish eating.
That bread ration really hit the spot!
You closely miss the adder skeleton. The adder skeleton bites you.
* * * LOW HITPOINT WARNING * * *
Pastorvmm's ghost laughs crazily.
You hit the adder skeleton.
You destroy the adder skeleton!
You hit pastorvmm's ghost.
Pastorvmm's ghost is almost destroyed.
Pastorvmm's ghost hits you.
* * * LOW HITPOINT WARNING * * *
You hit pastorvmm's ghost.
Pastorvmm's ghost is almost destroyed.
Pastorvmm's ghost completely misses you.
You closely miss pastorvmm's ghost.
Pastorvmm's ghost is almost destroyed.
Your skin stops crawling.
Pastorvmm's ghost hits you.
* * * LOW HITPOINT WARNING * * *
Pastorvmm's ghost hits you.
You die...

.....# #.#z#.#...
.##..###.#.#.# ###
. #....#.#.#.###
####...#.#.....#
.......#.###.#.###
######.#.....#...#
#.#########.# #.#
#p# #.# #@#
#.#########.#
#...........#
#############


You could see pastorvmm's ghost.

Vanquished Creatures
  3 adders
  A giant mite (D:2)
  An adder skeleton (D:4)
  A giant eyeball (D:3)
  3 giant geckos
  An ooze (D:3)
  6 orcs (D:3)
  11 bats
  8 goblins
  11 hobgoblins
  7 jackals (D:2)
  5 kobolds
  2 quokkas
  4 giant cockroaches
  3 giant newts
  A goblin skeleton (D:4)
  8 rats
76 creatures vanquished.

Vanquished Creatures (collateral kills)
  A hound (D:2)
  An adder (D:2)
  A worm (D:2)
  A bat (D:2)
  A giant newt (D:2)
5 creatures vanquished.

Vanquished Creatures (others)
  An adder skeleton (D:4)
  2 bat skeletons
  3 goblin skeletons
  A hobgoblin skeleton (D:1)
  5 jackal skeletons (D:2)
  A kobold skeleton (D:2)
  2 rat skeletons (D:2)
15 creatures vanquished.

Grand Total: 96 creatures vanquished

Notes
Turn   | Place    | Note
--------------------------------------------------------------
     0 | D:1      | Lianjan, the Deep Elf Necromancer, began the quest for the Orb.
     0 | D:1      | Reached XP level 1. HP: 10/10 MP: 5/5
    35 | D:1      | Learned a level 1 spell: Animate Skeleton
   418 | D:1      | Reached XP level 2. HP: 10/15 MP: 4/8
  1292 | D:2      | Reached XP level 3. HP: 15/19 MP: 9/13
  1408 | D:2      | Reached skill level 5 in Spellcasting
  1419 | D:2      | Learned a level 3 spell: Vampiric Draining
  1423 | D:2      | Learned a level 3 spell: Regeneration
  1597 | D:2      | Reached skill level 5 in Necromancy
  2000 | D:2      | Reached XP level 4. HP: 12/24 MP: 9/17
  2079 | D:2      | Found a burning altar of Makhleb.
  2267 | D:2      | Reached skill level 6 in Necromancy
  2496 | D:2      | Found a basalt altar of Yredelemnul.
  2496 | D:2      | Found a shimmering altar of Xom.
  2585 | D:3      | Found an iron altar of Okawaru.
  2585 | D:3      | Found a shattered altar of Ashenzari.
  2699 | D:3      | Reached XP level 5. HP: 16/28 MP: 10/19
  2727 | D:3      | Learned a level 4 spell: Animate Dead
  2902 | D:3      | Paralysed by a giant eyeball for 4 turns
  3277 | D:4      | Noticed pastorvmm's ghost (average GEAs)
  3344 | D:4      | Slain by pastorvmm's ghost

Action                   |  1- 3 |  4- 6 || total
-------------------------+-------+-------++-------
Melee: Dagger            |     2 |       ||     2
       Short sword       |       |    42 ||    42
 Cast: Pain              |    82 |    72 ||   154
       Animate Skeleton  |    18 |    16 ||    34
       Regeneration      |       |     5 ||     5
       Animate Dead      |       |     1 ||     1
Evoke: Wand              |       |     1 ||     1
  Use: Scroll            |       |    10 ||    10
